[ AOE2 MATCH · #475952136 ]
UnrankedSaracens vs Mongols
[ REPLAY ANALYSIS · EXTRACTED FROM THE RECORDED GAME ]
Feudal
10:53
Castle
14:46
Imperial
28:04
| APM avg | 37.9 |
| APM peak | 73 |
| eAPM avg | 24.0 |
| Villagers / military | 113 / 214 |
Focus
⚔️ 33.7% · 🌾 66.3%
Archer ×171 · Trade Cart ×46 · Fishing Ship ×15 · Bombard Cannon ×12 · Scout Cavalry ×11 · Hand Cannoneer ×7
Feudal
9:13
Castle
15:18
Imperial
25:06
| APM avg | 43.1 |
| APM peak | 84 |
| eAPM avg | 28.1 |
| Villagers / military | 129 / 169 |
Focus
⚔️ 28.6% · 🌾 71.4%
Mangudai ×166 · Trade Cart ×41 · Monk ×1 · Mangonel ×1 · Trebuchet (Packed) ×1
Feudal
12:47
Castle
16:17
Imperial
25:34
| APM avg | 77.5 |
| APM peak | 144 |
| eAPM avg | 53.6 |
| Villagers / military | 110 / 430 |
Focus
⚔️ 74.2% · 🌾 25.8%
Spearman ×247 · Skirmisher ×129 · Trade Cart ×53 · Bombard Cannon ×49 · Fishing Ship ×43 · Hand Cannoneer ×4
Feudal
12:27
Castle
18:36
Imperial
31:07
| APM avg | 35.0 |
| APM peak | 95 |
| eAPM avg | 17.7 |
| Villagers / military | 141 / 263 |
Focus
⚔️ 24.8% · 🌾 75.2%
Knight ×258 · Trade Cart ×25 · Mangonel ×4 · Monk ×1
Feudal
13:48
Castle
17:19
Imperial
30:14
| APM avg | 28.2 |
| APM peak | 78 |
| eAPM avg | 16.0 |
| Villagers / military | 216 / 56 |
Focus
⚔️ 14.2% · 🌾 85.8%
Cavalry Archer ×51 · Trade Cart ×40 · Fishing Ship ×33 · Bombard Cannon ×5
Feudal
12:39
Castle
16:50
Imperial
23:43
| APM avg | 30.3 |
| APM peak | 55 |
| eAPM avg | 22.6 |
| Villagers / military | 192 / 276 |
Focus
⚔️ 24.7% · 🌾 75.3%
Spearman ×145 · Unknown (2550) ×121 · Skirmisher ×87 · Monk ×21 · Trade Cart ×20 · Battering Ram ×13
Feudal
14:05
Castle
18:25
Imperial
31:31
| APM avg | 46.9 |
| APM peak | 136 |
| eAPM avg | 30.6 |
| Villagers / military | 112 / 588 |
Focus
⚔️ 70.8% · 🌾 29.2%
Spearman ×363 · Woad Raider ×149 · Fishing Ship ×53 · Scorpion ×40 · Battering Ram ×26 · Trade Cart ×15
Feudal
12:13
Castle
15:43
Imperial
30:40
| APM avg | 58.4 |
| APM peak | 132 |
| eAPM avg | 30.0 |
| Villagers / military | 144 / 821 |
Focus
⚔️ 56.7% · 🌾 43.3%
Scout Cavalry ×637 · Cavalry Archer ×175 · Fishing Ship ×16 · Trade Cart ×9 · Trebuchet (Packed) ×6 · Monk ×1
Match map
Initial resources + every placement click. Lines = walls · curves = elevation contours. ◆ gold · ⬟ stone · ● berries · ✦ relic · ◌ wall gap
Your base· ✓ Closed at 14:46 · 5t walls · no gate
Benedict Cucumberpatch's base· ✓ Closed at 15:18 · 18t walls · no gate
大葱鸭's base· ✓ Closed at 16:17 · 2t walls · 1 gate(s)
TheBoogeyman's base· ✓ Closed at 18:36 · 54t walls · no gate
Link's base· ✓ Closed at 17:19 · 30t walls · no gate
InGodWeTrust's base· ✓ Closed at 16:50 · 55t walls · no gate
Vantage_'s base· ✓ Closed at 18:25 · 38t walls · 2 gate(s)
Old Man Cam's base· ✓ Closed at 15:43 · 0t walls · no gate
Smoothed initial terrain · ◌ = detected wall gap · hover for details
Inputs per minute
— Iron Champion - - Benedict Cucumberpatch
Build order — Iron Champion
First 150 of 584 actions detected
| 0:02 | Create | Villager (Male) |
| 0:02 | Create | Villager (Male) |
| 0:03 | Build | House |
| 0:04 | Build | House |
| 0:06 | Create | Villager (Male) |
| 0:11 | Create | Villager (Male) |
| 1:32 | Create | Villager (Male) |
| 1:52 | Build | Lumber Camp |
| 2:02 | Create | Villager (Male) |
| 2:13 | Create | Villager (Male) |
| 2:47 | Create | Villager (Male) |
| 3:15 | Create | Villager (Male) |
| 3:42 | Create | Villager (Male) |
| 3:43 | Create | Villager (Male) |
| 4:12 | Build | House |
| 4:30 | Create | Villager (Male) |
| 4:36 | Research | Loom |
| 4:37 | Create | Villager (Male) |
| 5:21 | Create | Villager (Male) |
| 5:32 | Build | Mill |
| 5:38 | Create | Villager (Male) |
| 5:54 | Build | House |
| 5:57 | Create | Villager (Male) |
| 6:18 | Create | Villager (Male) |
| 6:19 | Create | Villager (Male) |
| 7:20 | Build | Palisade Wall |
| 7:24 | Build | Palisade Wall |
| 7:26 | Build | Palisade Wall |
| 7:27 | Build | Palisade Wall |
| 7:35 | Build | Palisade Wall |
| 7:43 | Create | Villager (Male) |
| 7:44 | Create | Villager (Male) |
| 7:50 | Build | Mining Camp |
| 8:13 | Build | House |
| 8:43 | Research | Feudal Age |
| 9:51 | Build | Dock |
| 10:53 | Age | Feudal Age |
| 10:55 | Build | Market |
| 10:58 | Build | Blacksmith |
| 11:03 | Create | Villager (Male) |
| 11:03 | Create | Villager (Male) |
| 11:29 | Build | House |
| 11:29 | Build | House |
| 11:48 | Build | House |
| 11:52 | Create | Fishing Ship |
| 12:06 | Research | Castle Age |
| 12:41 | Research | Double-Bit Axe |
| 13:52 | Research | Wheelbarrow |
| 14:46 | Age | Castle Age |
| 14:47 | Build | Town Center |
| 14:55 | Build | Town Center |
| 15:17 | Research | Bow Saw |
| 15:47 | Create | Villager (Male) |
| 15:48 | Create | Villager (Male) |
| 15:53 | Create | Villager (Male) |
| 15:57 | Create | Villager (Male) |
| 15:58 | Create | Fishing Ship |
| 16:09 | Create | Villager (Male) |
| 16:23 | Create | Villager (Male) |
| 16:31 | Build | Farm |
| 16:34 | Build | Farm |
| 16:35 | Build | Farm |
| 16:42 | Build | Farm |
| 16:47 | Create | Villager (Male) |
| 16:47 | Create | Villager (Male) |
| 16:49 | Create | Fishing Ship |
| 16:55 | Build | House |
| 16:59 | Create | Villager (Male) |
| 17:01 | Build | Farm |
| 17:03 | Build | Farm |
| 17:13 | Build | Farm |
| 17:23 | Create | Fishing Ship |
| 17:30 | Build | Farm |
| 17:32 | Create | Villager (Male) |
| 17:32 | Create | Villager (Male) |
| 17:32 | Create | Villager (Male) |
| 17:36 | Build | House |
| 17:37 | Create | Fishing Ship |
| 17:46 | Create | Villager (Male) |
| 17:47 | Create | Villager (Male) |
| 17:50 | Create | Villager (Male) |
| 17:51 | Create | Villager (Male) |
| 18:01 | Build | Farm |
| 18:06 | Create | Villager (Male) |
| 18:13 | Build | Dock |
| 18:19 | Create | Villager (Male) |
| 18:21 | Build | Farm |
| 18:26 | Build | Farm |
| 18:28 | Build | Farm |
| 18:29 | Create | Villager (Male) |
| 18:30 | Create | Villager (Male) |
| 18:39 | Create | Villager (Male) |
| 18:46 | Build | Fish Trap |
| 18:50 | Create | Villager (Male) |
| 18:51 | Create | Villager (Male) |
| 18:51 | Build | Fish Trap |
| 18:55 | Create | Villager (Male) |
| 19:00 | Build | House |
| 19:06 | Create | Fishing Ship |
| 19:08 | Research | Tech 906 |
| 19:10 | Create | Villager (Male) |
| 19:10 | Create | Villager (Male) |
| 19:17 | Build | Farm |
| 19:22 | Create | Villager (Male) |
| 19:27 | Build | Farm |
| 19:28 | Create | Villager (Male) |
| 19:37 | Create | Fishing Ship |
| 19:39 | Create | Fishing Ship |
| 19:44 | Build | Fish Trap |
| 19:49 | Build | House |
| 19:52 | Create | Villager (Male) |
| 19:53 | Create | Villager (Male) |
| 19:53 | Create | Villager (Male) |
| 20:02 | Build | Farm |
| 20:06 | Research | Gold Mining |
| 20:12 | Build | Farm |
| 20:14 | Build | Farm |
| 20:17 | Research | Horse Collar |
| 20:19 | Create | Villager (Male) |
| 20:23 | Build | House |
| 20:26 | Create | Fishing Ship |
| 20:31 | Create | Villager (Male) |
| 20:32 | Create | Villager (Male) |
| 20:32 | Create | Villager (Male) |
| 20:33 | Build | Fish Trap |
| 20:42 | Build | Farm |
| 20:45 | Create | Villager (Male) |
| 20:53 | Build | House |
| 20:55 | Research | Gillnets |
| 20:58 | Create | Fishing Ship |
| 20:59 | Create | Villager (Male) |
| 20:59 | Create | Villager (Male) |
| 20:59 | Create | Villager (Male) |
| 21:08 | Create | Villager (Male) |
| 21:11 | Build | Farm |
| 21:14 | Build | Farm |
| 21:18 | Build | Farm |
| 21:19 | Create | Villager (Male) |
| 21:21 | Build | Farm |
| 21:23 | Create | Villager (Male) |
| 21:26 | Build | House |
| 21:28 | Create | Fishing Ship |
| 21:33 | Create | Villager (Male) |
| 21:43 | Build | Barracks |
| 21:45 | Create | Villager (Male) |
| 21:48 | Create | Villager (Male) |
| 21:51 | Build | Farm |
| 21:56 | Create | Villager (Male) |
| 22:00 | Build | House |
| 22:03 | Create | Fishing Ship |
Build order — Benedict Cucumberpatch
First 150 of 454 actions detected
| 0:01 | Create | Villager (Male) |
| 0:03 | Build | House |
| 0:04 | Build | House |
| 0:16 | Create | Villager (Male) |
| 0:16 | Create | Villager (Male) |
| 0:22 | Create | Villager (Male) |
| 0:27 | Create | Villager (Male) |
| 1:15 | Build | Palisade Wall |
| 1:20 | Research | Loom |
| 1:56 | Build | Palisade Wall |
| 2:02 | Create | Villager (Male) |
| 2:15 | Build | Lumber Camp |
| 2:21 | Create | Villager (Male) |
| 2:22 | Create | Villager (Male) |
| 2:45 | Create | Villager (Male) |
| 3:14 | Create | Villager (Male) |
| 3:45 | Create | Villager (Male) |
| 3:47 | Create | Villager (Male) |
| 4:01 | Create | Villager (Male) |
| 4:17 | Create | Villager (Male) |
| 4:46 | Build | House |
| 5:08 | Create | Villager (Male) |
| 5:20 | Create | Villager (Male) |
| 5:41 | Build | House |
| 5:56 | Build | Mining Camp |
| 5:58 | Create | Villager (Male) |
| 6:38 | Create | Villager (Male) |
| 7:02 | Research | Feudal Age |
| 7:19 | Build | Lumber Camp |
| 8:25 | Create | Villager (Male) |
| 8:56 | Create | Villager (Male) |
| 9:10 | Create | Villager (Male) |
| 9:13 | Age | Feudal Age |
| 9:14 | Build | Mill |
| 9:17 | Create | Villager (Male) |
| 9:21 | Build | Stone Wall |
| 9:25 | Build | House |
| 9:54 | Create | Villager (Male) |
| 10:32 | Create | Villager (Male) |
| 10:35 | Build | House |
| 10:53 | Build | Market |
| 11:13 | Create | Villager (Male) |
| 11:15 | Build | Blacksmith |
| 11:37 | Create | Villager (Male) |
| 11:47 | Build | Mining Camp |
| 12:38 | Research | Castle Age |
| 13:05 | Research | Double-Bit Axe |
| 13:15 | Build | Outpost |
| 14:39 | Research | Horse Collar |
| 14:40 | Create | Villager (Male) |
| 14:46 | Research | Fletching |
| 14:58 | Build | House |
| 15:18 | Age | Castle Age |
| 15:19 | Build | Castle |
| 15:31 | Create | Villager (Male) |
| 15:57 | Research | Heavy Plow |
| 16:04 | Create | Villager (Male) |
| 16:21 | Research | Bodkin Arrow |
| 16:41 | Create | Villager (Male) |
| 16:43 | Build | Farm |
| 16:45 | Build | Farm |
| 16:47 | Build | Farm |
| 17:10 | Create | Villager (Male) |
| 17:17 | Build | Town Center |
| 17:33 | Build | Gate |
| 17:38 | Build | Palisade Wall |
| 17:45 | Create | Villager (Male) |
| 17:46 | Build | Farm |
| 17:48 | Build | Farm |
| 17:51 | Build | Farm |
| 17:52 | Create | Villager (Male) |
| 17:58 | Build | Farm |
| 18:11 | Build | Farm |
| 18:16 | Create | Villager (Male) |
| 18:37 | Build | Farm |
| 18:39 | Create | Villager (Male) |
| 18:42 | Build | Farm |
| 18:52 | Build | Farm |
| 19:05 | Create | Villager (Male) |
| 19:15 | Create | Villager (Male) |
| 19:20 | Build | Stone Wall |
| 19:21 | Build | Stone Wall |
| 19:26 | Create | Villager (Male) |
| 19:38 | Create | Villager (Male) |
| 19:40 | Build | Farm |
| 19:43 | Build | Farm |
| 19:48 | Build | Farm |
| 20:13 | Create | Villager (Male) |
| 20:16 | Build | Farm |
| 20:18 | Create | Villager (Male) |
| 20:22 | Build | Farm |
| 21:56 | Research | Imperial Age |
| 21:56 | Research | Imperial Age |
| 22:32 | Research | Gold Mining |
| 22:39 | Research | Bow Saw |
| 22:39 | Research | Bow Saw |
| 23:00 | Research | Stone Mining |
| 23:03 | Create | Villager (Male) |
| 23:12 | Create | Mangudai |
| 23:12 | Create | Mangudai |
| 23:14 | Create | Mangudai |
| 23:31 | Research | Padded Archer Armor |
| 23:37 | Build | Farm |
| 24:00 | Build | University |
| 24:13 | Create | Villager (Male) |
| 24:17 | Create | Villager (Male) |
| 24:33 | Create | Mangudai |
| 24:39 | Research | Leather Archer Armor |
| 24:40 | Create | Villager (Male) |
| 24:58 | Build | Town Center |
| 25:06 | Age | Imperial Age |
| 25:16 | Create | Trebuchet (Packed) |
| 25:26 | Create | Villager (Male) |
| 25:34 | Create | Villager (Male) |
| 25:41 | Build | Farm |
| 25:44 | Build | Farm |
| 26:20 | Research | Fortified Wall (upgrade) |
| 26:24 | Build | Stone Wall |
| 26:38 | Create | Villager (Male) |
| 26:41 | Build | House |
| 26:42 | Build | House |
| 26:42 | Build | House |
| 27:35 | Build | Barracks |
| 27:36 | Create | Villager (Male) |
| 27:36 | Create | Villager (Male) |
| 27:36 | Create | Villager (Male) |
| 27:37 | Create | Villager (Male) |
| 27:39 | Build | Mining Camp |
| 27:43 | Research | Wheelbarrow |
| 27:47 | Build | Lumber Camp |
| 28:02 | Build | Castle |
| 28:06 | Create | Villager (Male) |
| 28:06 | Create | Villager (Male) |
| 28:07 | Create | Villager (Male) |
| 28:09 | Create | Villager (Male) |
| 28:18 | Create | Villager (Male) |
| 28:22 | Build | Farm |
| 28:33 | Build | Archery Range |
| 28:58 | Research | Ballistics |
| 29:04 | Create | Villager (Male) |
| 29:04 | Create | Villager (Male) |
| 29:22 | Build | Mining Camp |
| 29:58 | Research | Conscription |
| 30:30 | Research | Bracer |
| 30:50 | Create | Villager (Male) |
| 30:50 | Create | Villager (Male) |
| 30:50 | Create | Villager (Male) |
| 30:52 | Build | Farm |
| 30:54 | Create | Villager (Male) |
| 30:56 | Build | Farm |
Build order — 大葱鸭
First 150 of 582 actions detected
| 0:00 | Create | Villager (Male) |
| 0:01 | Create | Villager (Male) |
| 0:01 | Create | Villager (Male) |
| 0:02 | Build | House |
| 0:03 | Build | House |
| 0:06 | Create | Villager (Male) |
| 1:08 | Create | Villager (Male) |
| 1:26 | Build | Lumber Camp |
| 1:40 | Create | Villager (Male) |
| 2:03 | Create | Villager (Male) |
| 2:03 | Create | Villager (Male) |
| 2:35 | Create | Villager (Male) |
| 3:15 | Create | Villager (Male) |
| 3:28 | Build | House |
| 3:37 | Create | Villager (Male) |
| 3:52 | Build | Dock |
| 4:08 | Create | Villager (Male) |
| 4:08 | Create | Villager (Male) |
| 4:32 | Create | Villager (Male) |
| 4:39 | Create | Fishing Ship |
| 4:59 | Create | Villager (Male) |
| 5:16 | Create | Villager (Male) |
| 5:20 | Create | Fishing Ship |
| 5:24 | Build | House |
| 5:29 | Create | Villager (Male) |
| 5:48 | Create | Villager (Male) |
| 6:06 | Create | Fishing Ship |
| 6:08 | Build | House |
| 6:23 | Create | Villager (Male) |
| 6:40 | Create | Fishing Ship |
| 6:58 | Create | Villager (Male) |
| 7:16 | Create | Fishing Ship |
| 7:16 | Create | Villager (Male) |
| 7:35 | Build | Palisade Gate |
| 7:39 | Build | Palisade Gate |
| 7:44 | Create | Villager (Male) |
| 7:47 | Build | Palisade Wall |
| 7:48 | Build | Palisade Wall |
| 7:49 | Create | Villager (Male) |
| 7:56 | Build | House |
| 7:59 | Build | House |
| 8:03 | Create | Villager (Male) |
| 8:09 | Create | Fishing Ship |
| 8:27 | Build | House |
| 8:32 | Create | Villager (Male) |
| 8:34 | Build | House |
| 8:43 | Build | Lumber Camp |
| 8:45 | Create | Fishing Ship |
| 8:46 | Create | Villager (Male) |
| 8:52 | Build | House |
| 8:52 | Build | House |
| 8:55 | Create | Villager (Male) |
| 9:23 | Build | House |
| 9:30 | Create | Villager (Male) |
| 9:34 | Create | Fishing Ship |
| 9:58 | Create | Villager (Male) |
| 10:11 | Build | Mill |
| 10:14 | Create | Fishing Ship |
| 10:30 | Build | Mining Camp |
| 10:31 | Research | Feudal Age |
| 10:56 | Create | Villager (Male) |
| 11:11 | Build | Dock |
| 11:26 | Create | Villager (Male) |
| 11:54 | Build | Dock |
| 12:47 | Age | Feudal Age |
| 12:48 | Build | Market |
| 12:50 | Build | Blacksmith |
| 12:53 | Research | Double-Bit Axe |
| 13:02 | Build | Fish Trap |
| 13:04 | Build | Fish Trap |
| 13:35 | Research | Castle Age |
| 13:44 | Create | Fishing Ship |
| 13:45 | Create | Fishing Ship |
| 13:50 | Build | Fish Trap |
| 13:53 | Build | Fish Trap |
| 14:01 | Research | Tech 906 |
| 14:05 | Build | House |
| 14:05 | Build | House |
| 14:09 | Build | House |
| 14:12 | Build | House |
| 14:14 | Build | House |
| 14:16 | Create | Villager (Male) |
| 14:29 | Build | Fish Trap |
| 14:47 | Build | Fish Trap |
| 14:49 | Create | Fishing Ship |
| 15:12 | Create | Villager (Male) |
| 15:20 | Build | Fish Trap |
| 15:50 | Build | Fish Trap |
| 15:53 | Build | Fish Trap |
| 16:17 | Age | Castle Age |
| 16:20 | Build | Town Center |
| 16:21 | Research | Bow Saw |
| 16:23 | Create | Villager (Male) |
| 16:45 | Build | Town Center |
| 16:48 | Create | Villager (Male) |
| 17:05 | Build | Monastery |
| 17:07 | Create | Villager (Male) |
| 17:18 | Build | House |
| 17:19 | Build | House |
| 17:21 | Build | House |
| 17:23 | Create | Villager (Male) |
| 17:27 | Create | Fishing Ship |
| 17:35 | Create | Villager (Male) |
| 17:42 | Create | Fishing Ship |
| 17:42 | Create | Fishing Ship |
| 17:43 | Research | Wheelbarrow |
| 17:44 | Create | Villager (Male) |
| 17:57 | Research | Fervor |
| 17:57 | Create | Monk |
| 18:02 | Create | Villager (Male) |
| 18:05 | Create | Fishing Ship |
| 18:06 | Create | Villager (Male) |
| 18:07 | Create | Fishing Ship |
| 18:12 | Build | Fish Trap |
| 18:12 | Create | Villager (Male) |
| 18:14 | Create | Villager (Male) |
| 18:26 | Build | Fish Trap |
| 18:29 | Create | Fishing Ship |
| 18:30 | Create | Villager (Male) |
| 18:52 | Build | Dock |
| 18:56 | Build | Fish Trap |
| 18:58 | Create | Villager (Male) |
| 19:09 | Build | Fish Trap |
| 19:16 | Build | Lumber Camp |
| 19:18 | Create | Villager (Male) |
| 19:18 | Create | Villager (Male) |
| 19:22 | Create | Villager (Male) |
| 19:25 | Build | Fish Trap |
| 19:35 | Research | Gillnets |
| 19:41 | Create | Villager (Male) |
| 19:42 | Create | Villager (Male) |
| 19:52 | Create | Villager (Male) |
| 19:56 | Build | Fish Trap |
| 20:01 | Build | Fish Trap |
| 20:01 | Create | Villager (Male) |
| 20:02 | Create | Fishing Ship |
| 20:05 | Create | Fishing Ship |
| 20:06 | Create | Fishing Ship |
| 20:15 | Create | Fishing Ship |
| 20:16 | Create | Villager (Male) |
| 20:17 | Create | Villager (Male) |
| 20:24 | Build | House |
| 20:25 | Build | House |
| 20:25 | Build | House |
| 20:27 | Create | Villager (Male) |
| 20:40 | Create | Villager (Male) |
| 20:42 | Create | Villager (Male) |
| 20:44 | Create | Fishing Ship |
| 20:44 | Create | Fishing Ship |
| 20:47 | Build | Fish Trap |
Build order — TheBoogeyman
First 150 of 464 actions detected
| 0:02 | Create | Villager (Male) |
| 0:05 | Build | House |
| 0:06 | Build | House |
| 0:13 | Create | Villager (Male) |
| 0:13 | Create | Villager (Male) |
| 0:14 | Create | Villager (Male) |
| 0:36 | Research | Loom |
| 0:41 | Create | Villager (Male) |
| 0:41 | Create | Villager (Male) |
| 1:42 | Build | Palisade Wall |
| 1:52 | Create | Villager (Male) |
| 2:19 | Build | Palisade Wall |
| 2:21 | Build | Palisade Wall |
| 2:27 | Create | Villager (Male) |
| 2:38 | Build | House |
| 3:06 | Create | Villager (Male) |
| 3:39 | Create | Villager (Male) |
| 3:39 | Create | Villager (Male) |
| 3:49 | Create | Villager (Male) |
| 4:21 | Create | Villager (Male) |
| 4:48 | Create | Villager (Male) |
| 5:24 | Build | Palisade Wall |
| 5:28 | Create | Villager (Male) |
| 5:49 | Create | Villager (Male) |
| 6:04 | Create | Villager (Male) |
| 6:13 | Build | House |
| 6:41 | Create | Villager (Male) |
| 6:42 | Create | Villager (Male) |
| 6:59 | Build | Lumber Camp |
| 7:05 | Create | Villager (Male) |
| 7:38 | Create | Villager (Male) |
| 8:10 | Create | Villager (Male) |
| 8:50 | Create | Villager (Male) |
| 9:17 | Create | Villager (Male) |
| 9:17 | Create | Villager (Male) |
| 9:26 | Build | Mill |
| 9:46 | Build | House |
| 10:17 | Research | Feudal Age |
| 11:37 | Build | Mining Camp |
| 11:40 | Create | Villager (Male) |
| 11:40 | Create | Villager (Male) |
| 11:52 | Build | House |
| 11:56 | Build | House |
| 12:18 | Build | Outpost |
| 12:27 | Age | Feudal Age |
| 12:30 | Build | Palisade Wall |
| 12:33 | Build | Stone Wall |
| 12:41 | Create | Villager (Male) |
| 12:48 | Build | Stone Wall |
| 12:51 | Build | Stone Wall |
| 12:53 | Build | Stone Wall |
| 12:57 | Build | Stone Wall |
| 12:57 | Create | Villager (Male) |
| 12:58 | Create | Villager (Male) |
| 13:12 | Build | Outpost |
| 13:29 | Create | Villager (Male) |
| 13:29 | Create | Villager (Male) |
| 13:37 | Build | Market |
| 13:52 | Create | Villager (Male) |
| 13:52 | Create | Villager (Male) |
| 14:00 | Build | Blacksmith |
| 14:12 | Research | Double-Bit Axe |
| 14:34 | Build | Outpost |
| 14:37 | Research | Town Watch |
| 14:45 | Create | Villager (Male) |
| 15:56 | Research | Castle Age |
| 16:50 | Research | Horse Collar |
| 17:03 | Build | Mining Camp |
| 17:07 | Build | Mining Camp |
| 17:27 | Research | Stone Mining |
| 18:17 | Create | Villager (Male) |
| 18:36 | Age | Castle Age |
| 18:37 | Build | Town Center |
| 18:41 | Create | Villager (Male) |
| 18:45 | Research | Bow Saw |
| 19:06 | Build | Town Center |
| 19:10 | Create | Villager (Male) |
| 19:39 | Build | Town Center |
| 19:41 | Create | Villager (Male) |
| 19:49 | Research | Heavy Plow |
| 20:03 | Create | Villager (Male) |
| 20:29 | Build | Monastery |
| 20:31 | Create | Villager (Male) |
| 20:32 | Create | Villager (Male) |
| 20:32 | Create | Villager (Male) |
| 20:33 | Create | Villager (Male) |
| 20:53 | Build | House |
| 20:53 | Build | House |
| 20:53 | Build | House |
| 20:53 | Build | House |
| 20:54 | Build | House |
| 20:54 | Build | House |
| 20:54 | Build | House |
| 20:57 | Create | Villager (Male) |
| 20:57 | Create | Villager (Male) |
| 21:02 | Build | Farm |
| 21:03 | Build | Farm |
| 21:04 | Build | Farm |
| 21:05 | Build | Farm |
| 21:15 | Build | Farm |
| 21:17 | Build | Farm |
| 21:25 | Create | Villager (Male) |
| 21:25 | Create | Villager (Male) |
| 21:27 | Create | Villager (Male) |
| 21:28 | Create | Villager (Male) |
| 21:28 | Create | Villager (Male) |
| 21:30 | Create | Villager (Male) |
| 21:31 | Create | Villager (Male) |
| 21:31 | Create | Monk |
| 21:37 | Build | Farm |
| 21:39 | Build | Farm |
| 21:42 | Build | Farm |
| 21:45 | Build | Farm |
| 21:54 | Build | Farm |
| 21:56 | Build | Farm |
| 22:00 | Build | Farm |
| 22:01 | Build | Farm |
| 22:02 | Build | Farm |
| 22:03 | Create | Villager (Male) |
| 22:05 | Build | Farm |
| 22:06 | Create | Villager (Male) |
| 22:08 | Create | Villager (Male) |
| 22:27 | Build | Farm |
| 22:28 | Build | Farm |
| 22:36 | Build | Farm |
| 22:37 | Build | Farm |
| 22:38 | Build | Farm |
| 22:42 | Create | Villager (Male) |
| 22:42 | Create | Villager (Male) |
| 22:50 | Build | Farm |
| 22:51 | Build | Farm |
| 22:53 | Build | Farm |
| 22:55 | Create | Villager (Male) |
| 22:59 | Build | Farm |
| 23:00 | Build | Farm |
| 23:06 | Create | Villager (Male) |
| 23:11 | Build | Farm |
| 23:15 | Create | Villager (Male) |
| 23:26 | Create | Villager (Male) |
| 23:27 | Create | Villager (Male) |
| 23:30 | Create | Villager (Male) |
| 23:36 | Build | House |
| 23:36 | Build | House |
| 23:37 | Build | House |
| 23:37 | Build | House |
| 23:37 | Build | House |
| 23:37 | Build | House |
| 23:38 | Build | House |
| 23:38 | Build | House |
| 23:38 | Build | House |
Build order — Link
First 150 of 470 actions detected
| 0:01 | Create | Villager (Male) |
| 0:01 | Create | Villager (Male) |
| 0:04 | Build | House |
| 0:07 | Build | House |
| 0:09 | Create | Villager (Male) |
| 0:09 | Create | Villager (Male) |
| 0:19 | Research | Loom |
| 0:34 | Create | Villager (Male) |
| 0:52 | Create | Villager (Male) |
| 0:53 | Create | Villager (Male) |
| 1:15 | Build | Palisade Wall |
| 2:04 | Create | Villager (Male) |
| 3:20 | Create | Villager (Male) |
| 3:49 | Build | Palisade Wall |
| 3:52 | Build | Palisade Wall |
| 3:53 | Create | Villager (Male) |
| 4:01 | Create | Villager (Male) |
| 4:14 | Create | Villager (Male) |
| 4:21 | Build | Lumber Camp |
| 4:42 | Create | Villager (Male) |
| 5:23 | Create | Villager (Male) |
| 5:28 | Build | House |
| 5:44 | Create | Villager (Male) |
| 5:45 | Create | Villager (Male) |
| 6:09 | Create | Villager (Male) |
| 6:09 | Create | Villager (Male) |
| 6:49 | Create | Villager (Male) |
| 7:24 | Build | Dock |
| 7:34 | Build | House |
| 7:37 | Create | Villager (Male) |
| 7:38 | Create | Villager (Male) |
| 8:13 | Build | House |
| 8:17 | Create | Villager (Male) |
| 8:53 | Create | Fishing Ship |
| 8:54 | Create | Villager (Male) |
| 9:16 | Create | Villager (Male) |
| 9:21 | Build | House |
| 9:31 | Build | Mill |
| 9:47 | Create | Fishing Ship |
| 9:58 | Create | Villager (Male) |
| 10:13 | Create | Fishing Ship |
| 10:14 | Create | Villager (Male) |
| 10:32 | Create | Villager (Male) |
| 10:56 | Create | Villager (Male) |
| 11:34 | Research | Feudal Age |
| 11:42 | Build | Mining Camp |
| 11:52 | Create | Fishing Ship |
| 12:28 | Create | Villager (Male) |
| 12:28 | Create | Villager (Male) |
| 12:36 | Create | Fishing Ship |
| 13:26 | Build | House |
| 13:37 | Create | Fishing Ship |
| 13:48 | Age | Feudal Age |
| 13:51 | Build | Market |
| 13:53 | Build | Blacksmith |
| 14:11 | Create | Fishing Ship |
| 14:36 | Build | Stone Wall |
| 14:39 | Research | Castle Age |
| 14:44 | Research | Tech 906 |
| 14:48 | Research | Double-Bit Axe |
| 15:05 | Build | Stone Wall |
| 15:09 | Build | Stone Wall |
| 15:39 | Create | Villager (Male) |
| 16:21 | Build | Mining Camp |
| 16:43 | Create | Fishing Ship |
| 16:51 | Build | Dock |
| 17:19 | Age | Castle Age |
| 17:23 | Build | Town Center |
| 17:25 | Create | Villager (Male) |
| 17:29 | Research | Gillnets |
| 17:42 | Build | Outpost |
| 17:49 | Build | Outpost |
| 17:56 | Create | Villager (Male) |
| 18:02 | Build | House |
| 18:04 | Research | Town Watch |
| 18:16 | Create | Fishing Ship |
| 18:16 | Create | Fishing Ship |
| 18:26 | Build | House |
| 18:31 | Create | Villager (Male) |
| 18:35 | Build | Fish Trap |
| 18:48 | Create | Villager (Male) |
| 18:49 | Create | Villager (Male) |
| 19:04 | Build | Fish Trap |
| 19:12 | Create | Villager (Male) |
| 19:15 | Build | Fish Trap |
| 19:29 | Build | House |
| 19:34 | Build | Fish Trap |
| 19:37 | Research | Bow Saw |
| 20:07 | Build | Fish Trap |
| 20:09 | Build | Fish Trap |
| 20:13 | Build | Fish Trap |
| 20:16 | Create | Villager (Male) |
| 20:17 | Create | Villager (Male) |
| 20:44 | Build | Fish Trap |
| 20:46 | Build | Fish Trap |
| 20:49 | Build | Fish Trap |
| 20:57 | Create | Villager (Male) |
| 21:11 | Create | Fishing Ship |
| 21:12 | Create | Fishing Ship |
| 21:17 | Create | Villager (Male) |
| 21:24 | Build | Dock |
| 21:44 | Create | Fishing Ship |
| 21:44 | Create | Fishing Ship |
| 22:02 | Build | Fish Trap |
| 22:05 | Build | Fish Trap |
| 22:07 | Create | Villager (Male) |
| 22:07 | Create | Villager (Male) |
| 22:11 | Build | Lumber Camp |
| 22:14 | Create | Fishing Ship |
| 22:15 | Create | Fishing Ship |
| 22:17 | Create | Villager (Male) |
| 22:26 | Build | Lumber Camp |
| 22:32 | Build | Lumber Camp |
| 22:40 | Create | Villager (Male) |
| 22:40 | Create | Villager (Male) |
| 22:47 | Build | Fish Trap |
| 22:54 | Build | Fish Trap |
| 22:58 | Create | Villager (Male) |
| 23:06 | Build | Fish Trap |
| 23:09 | Build | House |
| 23:14 | Build | House |
| 23:23 | Build | House |
| 23:24 | Build | House |
| 23:28 | Research | Wheelbarrow |
| 23:38 | Build | Fish Trap |
| 23:45 | Build | Dock |
| 23:48 | Create | Villager (Male) |
| 24:07 | Create | Villager (Male) |
| 24:19 | Build | University |
| 24:33 | Build | Farm |
| 24:33 | Build | Farm |
| 24:34 | Build | Farm |
| 24:34 | Build | Farm |
| 24:37 | Create | Fishing Ship |
| 24:37 | Create | Fishing Ship |
| 24:37 | Create | Fishing Ship |
| 24:44 | Create | Fishing Ship |
| 24:48 | Build | Dock |
| 24:54 | Create | Villager (Male) |
| 24:54 | Create | Villager (Male) |
| 24:55 | Create | Villager (Male) |
| 25:07 | Build | Monastery |
| 25:15 | Create | Villager (Male) |
| 25:16 | Create | Villager (Male) |
| 25:23 | Build | Fish Trap |
| 25:26 | Build | Fish Trap |
| 25:31 | Build | Fish Trap |
| 25:40 | Build | Fish Trap |
| 25:44 | Create | Fishing Ship |
| 25:45 | Create | Fishing Ship |
Build order — InGodWeTrust
First 150 of 564 actions detected
| 0:01 | Create | Villager (Male) |
| 0:02 | Build | House |
| 0:03 | Build | House |
| 0:16 | Create | Villager (Male) |
| 0:17 | Create | Villager (Male) |
| 0:17 | Create | Villager (Male) |
| 1:27 | Create | Villager (Male) |
| 1:27 | Create | Villager (Male) |
| 1:59 | Create | Villager (Male) |
| 1:59 | Create | Villager (Male) |
| 2:23 | Create | Villager (Male) |
| 2:42 | Build | Settlement |
| 2:49 | Create | Villager (Male) |
| 2:49 | Create | Villager (Male) |
| 3:11 | Build | Palisade Wall |
| 3:12 | Build | Palisade Wall |
| 3:13 | Build | Palisade Wall |
| 3:15 | Build | Palisade Wall |
| 3:18 | Create | Villager (Male) |
| 3:18 | Create | Villager (Male) |
| 3:35 | Create | Villager (Male) |
| 3:48 | Create | Villager (Male) |
| 3:48 | Create | Villager (Male) |
| 4:18 | Build | Palisade Wall |
| 4:18 | Build | Palisade Wall |
| 4:21 | Create | Villager (Male) |
| 4:38 | Create | Villager (Male) |
| 4:38 | Create | Villager (Male) |
| 4:45 | Create | Villager (Male) |
| 4:46 | Create | Villager (Male) |
| 4:46 | Create | Villager (Male) |
| 5:10 | Create | Villager (Male) |
| 5:10 | Create | Villager (Male) |
| 5:47 | Build | Dock |
| 5:50 | Create | Villager (Male) |
| 5:50 | Create | Villager (Male) |
| 6:02 | Build | Palisade Wall |
| 6:04 | Build | Palisade Wall |
| 6:05 | Build | Palisade Wall |
| 6:05 | Build | Palisade Wall |
| 6:39 | Create | Fishing Ship |
| 6:39 | Create | Fishing Ship |
| 6:42 | Create | Villager (Male) |
| 7:01 | Create | Villager (Male) |
| 7:07 | Create | Fishing Ship |
| 7:35 | Create | Fishing Ship |
| 7:41 | Create | Villager (Male) |
| 7:52 | Create | Fishing Ship |
| 7:54 | Create | Villager (Male) |
| 8:16 | Create | Fishing Ship |
| 8:19 | Create | Villager (Male) |
| 8:33 | Build | Outpost |
| 8:42 | Create | Fishing Ship |
| 9:11 | Build | Settlement |
| 9:14 | Create | Villager (Male) |
| 9:15 | Create | Villager (Male) |
| 9:32 | Create | Villager (Male) |
| 9:53 | Create | Villager (Male) |
| 10:02 | Create | Fishing Ship |
| 10:10 | Build | Settlement |
| 10:15 | Research | Feudal Age |
| 10:31 | Create | Fishing Ship |
| 11:19 | Create | Fishing Ship |
| 11:26 | Create | Villager (Male) |
| 11:42 | Create | Fishing Ship |
| 12:39 | Age | Feudal Age |
| 12:44 | Build | Stone Wall |
| 12:45 | Build | Stone Wall |
| 12:45 | Build | Stone Wall |
| 12:47 | Build | Stone Wall |
| 12:47 | Build | Stone Wall |
| 12:48 | Build | Stone Wall |
| 12:48 | Build | Stone Wall |
| 12:49 | Build | Stone Wall |
| 13:00 | Create | Villager (Male) |
| 13:08 | Build | Market |
| 13:15 | Build | Blacksmith |
| 13:26 | Create | Villager (Male) |
| 13:47 | Create | Villager (Male) |
| 13:55 | Create | Fishing Ship |
| 14:10 | Research | Castle Age |
| 14:39 | Build | Stone Wall |
| 14:44 | Research | Double-Bit Axe |
| 14:53 | Build | Fish Trap |
| 15:00 | Build | Fish Trap |
| 15:23 | Build | Fish Trap |
| 15:34 | Build | Stone Wall |
| 15:40 | Build | Stone Wall |
| 15:54 | Build | Stone Wall |
| 16:02 | Create | Villager (Male) |
| 16:42 | Build | Settlement |
| 16:50 | Age | Castle Age |
| 17:14 | Build | Castle |
| 17:28 | Build | House |
| 17:32 | Create | Villager (Male) |
| 17:32 | Create | Villager (Male) |
| 17:56 | Build | Fish Trap |
| 18:02 | Build | Fish Trap |
| 18:04 | Build | Fish Trap |
| 18:10 | Build | House |
| 18:14 | Create | Villager (Male) |
| 18:20 | Build | Monastery |
| 18:45 | Create | Villager (Male) |
| 18:51 | Build | House |
| 19:02 | Build | Fish Trap |
| 19:11 | Build | Fish Trap |
| 19:20 | Create | Villager (Male) |
| 19:34 | Build | Settlement |
| 19:39 | Build | House |
| 19:43 | Build | House |
| 19:56 | Build | House |
| 20:17 | Build | Fish Trap |
| 20:33 | Research | Imperial Age |
| 20:46 | Create | Monk |
| 20:52 | Build | Fish Trap |
| 20:57 | Build | Fish Trap |
| 21:23 | Research | Bow Saw |
| 21:42 | Build | Monastery |
| 21:47 | Research | Sanctity |
| 22:04 | Build | Stone Wall |
| 22:10 | Create | Villager (Male) |
| 22:16 | Research | Tech 906 |
| 22:32 | Create | Monk |
| 23:00 | Research | Gillnets |
| 23:10 | Build | Monastery |
| 23:22 | Research | Redemption |
| 23:43 | Age | Imperial Age |
| 23:45 | Create | Trebuchet (Packed) |
| 23:47 | Create | Villager (Male) |
| 24:01 | Research | Block Printing |
| 24:19 | Create | Villager (Male) |
| 24:27 | Build | Dock |
| 24:33 | Create | Trebuchet (Packed) |
| 24:42 | Research | Fletching |
| 24:52 | Create | Villager (Male) |
| 25:09 | Build | Settlement |
| 25:15 | Create | Trebuchet (Packed) |
| 25:16 | Create | Villager (Male) |
| 25:19 | Build | House |
| 25:37 | Create | Villager (Male) |
| 25:40 | Build | House |
| 26:06 | Research | Illumination |
| 26:07 | Create | Monk |
| 26:09 | Create | Villager (Male) |
| 26:30 | Create | Monk ×2 |
| 26:33 | Build | House |
| 26:35 | Create | Villager (Male) |
| 27:05 | Create | Monk ×2 |
| 27:47 | Create | Monk ×3 |
| 28:08 | Create | Monk ×2 |
Build order — Vantage_
First 150 of 524 actions detected
| 0:01 | Create | Villager (Male) ×4 |
| 0:01 | Create | Villager (Male) ×4 |
| 0:02 | Build | House |
| 0:03 | Build | House |
| 0:55 | Research | Loom |
| 0:55 | Create | Villager (Male) |
| 1:13 | Create | Villager (Male) |
| 1:13 | Create | Villager (Male) |
| 1:54 | Build | House |
| 2:07 | Create | Villager (Male) |
| 2:13 | Research | Loom |
| 2:37 | Create | Villager (Male) |
| 2:47 | Create | Villager (Male) |
| 2:47 | Create | Villager (Male) |
| 3:31 | Build | Palisade Wall |
| 3:32 | Build | Palisade Wall |
| 3:35 | Build | Palisade Wall |
| 3:42 | Build | Palisade Wall |
| 3:49 | Create | Villager (Male) |
| 3:58 | Create | Villager (Male) |
| 4:02 | Build | Dock |
| 4:15 | Build | Palisade Wall |
| 4:22 | Build | Palisade Wall |
| 4:27 | Build | Palisade Wall |
| 4:33 | Build | Palisade Wall |
| 4:34 | Build | Palisade Wall |
| 4:38 | Build | Palisade Wall |
| 4:39 | Build | Palisade Wall |
| 4:42 | Build | Palisade Wall |
| 4:47 | Create | Villager (Male) |
| 4:48 | Create | Villager (Male) |
| 4:59 | Build | Palisade Wall |
| 5:28 | Create | Villager (Male) |
| 5:28 | Create | Villager (Male) |
| 5:35 | Build | Mill |
| 5:39 | Build | Mill |
| 5:44 | Create | Fishing Ship |
| 5:57 | Build | Palisade Gate |
| 5:59 | Create | Villager (Male) |
| 5:59 | Create | Villager (Male) |
| 6:07 | Build | House |
| 7:00 | Create | Villager (Male) ×2 |
| 7:00 | Create | Villager (Male) ×2 |
| 7:11 | Create | Fishing Ship |
| 7:11 | Create | Fishing Ship |
| 7:48 | Create | Villager (Male) ×4 |
| 7:48 | Create | Villager (Male) ×4 |
| 8:01 | Create | Villager (Male) ×2 |
| 8:11 | Build | Lumber Camp |
| 8:12 | Create | Villager (Male) ×2 |
| 8:12 | Create | Villager (Male) ×2 |
| 9:38 | Build | Palisade Gate |
| 10:08 | Build | Palisade Wall |
| 10:10 | Build | Palisade Wall |
| 10:14 | Build | Palisade Wall |
| 10:20 | Create | Villager (Male) |
| 10:20 | Create | Villager (Male) |
| 10:21 | Build | House |
| 10:26 | Create | Fishing Ship |
| 10:26 | Create | Fishing Ship |
| 10:51 | Build | Palisade Wall |
| 10:59 | Build | Mill |
| 11:08 | Create | Villager (Male) |
| 11:41 | Build | Palisade Wall |
| 11:42 | Build | Palisade Wall |
| 11:43 | Build | Palisade Wall |
| 11:55 | Research | Feudal Age |
| 11:55 | Research | Feudal Age |
| 12:57 | Create | Fishing Ship |
| 12:57 | Create | Fishing Ship |
| 13:24 | Create | Villager (Male) |
| 13:25 | Create | Villager (Male) |
| 13:42 | Build | House |
| 14:05 | Age | Feudal Age |
| 14:06 | Build | Stone Wall |
| 14:07 | Build | Stone Wall |
| 14:20 | Build | Market |
| 14:22 | Build | Blacksmith |
| 14:35 | Research | Tech 906 |
| 14:49 | Create | Villager (Male) |
| 15:19 | Create | Villager (Male) |
| 15:43 | Research | Double-Bit Axe |
| 15:46 | Research | Castle Age |
| 15:46 | Research | Castle Age |
| 15:58 | Build | Lumber Camp |
| 16:27 | Build | Dock |
| 17:33 | Build | House |
| 17:39 | Build | House |
| 17:45 | Build | House |
| 17:53 | Build | Fish Trap |
| 17:56 | Build | Fish Trap |
| 18:00 | Build | Fish Trap |
| 18:01 | Create | Fishing Ship |
| 18:01 | Create | Fishing Ship |
| 18:07 | Build | Fish Trap |
| 18:25 | Age | Castle Age |
| 18:27 | Build | Town Center |
| 18:33 | Build | House |
| 18:41 | Create | Villager (Male) |
| 18:42 | Create | Villager (Male) |
| 18:46 | Research | Wheelbarrow |
| 19:21 | Build | Town Center |
| 19:28 | Build | Fish Trap |
| 19:30 | Build | House |
| 19:33 | Create | Villager (Male) |
| 19:33 | Create | Villager (Male) |
| 19:49 | Build | Lumber Camp |
| 20:01 | Create | Villager (Male) ×5 |
| 20:21 | Create | Villager (Male) |
| 20:21 | Create | Villager (Male) |
| 20:26 | Build | Dock |
| 20:32 | Build | Fish Trap |
| 20:36 | Build | Fish Trap |
| 20:55 | Build | Dock |
| 20:59 | Build | House |
| 21:00 | Build | House |
| 21:01 | Build | House |
| 21:04 | Research | Bow Saw |
| 21:08 | Create | Villager (Male) ×3 |
| 21:10 | Create | Fishing Ship ×2 |
| 21:21 | Build | House |
| 21:22 | Build | House |
| 21:25 | Build | House |
| 21:35 | Build | Mining Camp |
| 21:41 | Build | Mining Camp |
| 21:46 | Create | Villager (Male) ×2 |
| 21:49 | Create | Fishing Ship ×5 |
| 21:56 | Build | Fish Trap |
| 22:00 | Build | Fish Trap |
| 22:10 | Create | Villager (Male) |
| 22:13 | Create | Villager (Male) |
| 22:19 | Create | Fishing Ship |
| 22:29 | Create | Fishing Ship ×5 |
| 22:34 | Build | Fish Trap |
| 22:38 | Build | Fish Trap |
| 22:41 | Build | Fish Trap |
| 22:44 | Create | Villager (Male) |
| 23:04 | Research | Gillnets |
| 23:04 | Research | Gillnets |
| 23:09 | Build | Fish Trap |
| 23:13 | Build | Fish Trap |
| 23:17 | Build | Fish Trap |
| 23:19 | Build | Fish Trap |
| 23:27 | Build | Siege Workshop |
| 23:27 | Build | Siege Workshop |
| 23:34 | Create | Villager (Male) ×3 |
| 23:34 | Create | Villager (Male) ×3 |
| 23:37 | Build | Barracks |
| 23:40 | Create | Fishing Ship ×4 |
| 23:48 | Build | Fish Trap |
Build order — Old Man Cam
First 150 of 1013 actions detected
| 0:02 | Create | Villager (Male) |
| 0:02 | Create | Villager (Male) |
| 0:03 | Build | House |
| 0:05 | Build | House |
| 0:21 | Create | Villager (Male) |
| 0:21 | Create | Villager (Male) |
| 0:21 | Create | Villager (Male) |
| 0:21 | Create | Villager (Male) |
| 0:21 | Create | Villager (Male) |
| 0:21 | Create | Villager (Male) |
| 0:21 | Create | Villager (Male) |
| 1:24 | Create | Villager (Male) |
| 1:24 | Create | Villager (Male) |
| 1:52 | Create | Villager (Male) |
| 1:52 | Create | Villager (Male) |
| 1:54 | Build | Lumber Camp |
| 2:23 | Create | Villager (Male) |
| 2:23 | Create | Villager (Male) |
| 2:52 | Create | Villager (Male) |
| 3:06 | Create | Villager (Male) |
| 3:07 | Create | Villager (Male) |
| 3:29 | Create | Villager (Male) |
| 3:54 | Build | House |
| 3:56 | Create | Villager (Male) |
| 4:32 | Build | Dock |
| 4:36 | Create | Villager (Male) |
| 4:44 | Create | Villager (Male) |
| 5:19 | Create | Fishing Ship |
| 5:28 | Create | Villager (Male) |
| 5:35 | Build | House |
| 5:43 | Create | Villager (Male) |
| 5:44 | Create | Villager (Male) |
| 6:14 | Create | Villager (Male) |
| 6:14 | Create | Villager (Male) |
| 6:14 | Create | Villager (Male) |
| 6:26 | Create | Fishing Ship |
| 6:38 | Create | Villager (Male) |
| 6:41 | Build | House |
| 6:52 | Research | Loom |
| 7:16 | Create | Villager (Male) |
| 7:22 | Create | Fishing Ship |
| 7:36 | Build | House |
| 7:55 | Create | Villager (Male) |
| 8:08 | Create | Villager (Male) |
| 8:28 | Create | Villager (Male) |
| 8:50 | Create | Villager (Male) |
| 9:11 | Build | Mill |
| 9:16 | Create | Villager (Male) |
| 9:35 | Research | Feudal Age |
| 10:21 | Build | Mining Camp |
| 11:00 | Create | Villager (Male) |
| 11:01 | Create | Villager (Male) |
| 11:10 | Create | Fishing Ship |
| 12:13 | Age | Feudal Age |
| 12:15 | Build | Blacksmith |
| 12:19 | Build | Market |
| 12:21 | Build | House |
| 12:53 | Research | Castle Age |
| 12:56 | Research | Double-Bit Axe |
| 13:08 | Build | Lumber Camp |
| 13:25 | Create | Fishing Ship |
| 14:12 | Create | Villager (Male) |
| 14:12 | Create | Villager (Male) |
| 15:43 | Age | Castle Age |
| 15:47 | Build | Town Center |
| 15:51 | Research | Bow Saw |
| 16:01 | Build | Town Center |
| 16:13 | Create | Villager (Male) |
| 16:32 | Research | Horse Collar |
| 16:42 | Create | Fishing Ship |
| 17:01 | Build | House |
| 17:07 | Create | Villager (Male) |
| 17:07 | Create | Villager (Male) |
| 17:07 | Create | Villager (Male) |
| 17:08 | Create | Villager (Male) |
| 17:22 | Create | Fishing Ship |
| 17:30 | Research | Heavy Plow |
| 17:35 | Create | Villager (Male) |
| 17:35 | Create | Villager (Male) |
| 17:39 | Create | Villager (Male) |
| 17:39 | Create | Villager (Male) |
| 17:39 | Create | Villager (Male) |
| 17:47 | Create | Villager (Male) |
| 18:06 | Create | Villager (Male) |
| 18:14 | Create | Villager (Male) |
| 18:21 | Create | Villager (Male) |
| 18:28 | Build | Monastery |
| 18:35 | Build | Dock |
| 18:41 | Create | Villager (Male) |
| 18:50 | Create | Villager (Male) |
| 18:53 | Research | Tech 906 |
| 18:55 | Create | Villager (Male) |
| 19:04 | Create | Monk |
| 19:07 | Build | House |
| 19:08 | Build | House |
| 19:22 | Build | Fish Trap |
| 19:30 | Build | Fish Trap |
| 19:33 | Create | Villager (Male) |
| 19:33 | Create | Villager (Male) |
| 19:33 | Create | Villager (Male) |
| 19:33 | Create | Villager (Male) |
| 19:35 | Create | Villager (Male) |
| 19:39 | Build | Farm |
| 19:40 | Build | Farm |
| 19:53 | Build | House |
| 19:55 | Build | House |
| 19:58 | Build | House |
| 19:59 | Build | House |
| 20:05 | Create | Villager (Male) |
| 20:05 | Create | Villager (Male) |
| 20:06 | Create | Villager (Male) |
| 20:06 | Create | Villager (Male) |
| 20:11 | Build | Fish Trap |
| 20:27 | Build | Fish Trap |
| 20:35 | Build | Fish Trap |
| 20:42 | Build | Fish Trap |
| 20:46 | Create | Villager (Male) |
| 20:46 | Create | Villager (Male) |
| 20:46 | Create | Villager (Male) |
| 20:47 | Create | Villager (Male) |
| 20:47 | Create | Villager (Male) |
| 20:49 | Build | Fish Trap |
| 21:16 | Create | Villager (Male) |
| 21:17 | Create | Fishing Ship |
| 21:21 | Build | Farm |
| 21:33 | Create | Villager (Male) |
| 21:33 | Create | Villager (Male) |
| 21:33 | Create | Villager (Male) |
| 21:39 | Build | Mining Camp |
| 21:45 | Build | Farm |
| 21:51 | Build | Farm |
| 21:52 | Build | Farm |
| 21:54 | Create | Villager (Male) |
| 21:55 | Build | Farm |
| 21:58 | Research | Wheelbarrow |
| 22:00 | Create | Villager (Male) |
| 22:06 | Create | Villager (Male) |
| 22:10 | Build | Farm |
| 22:12 | Create | Villager (Male) |
| 22:27 | Build | Town Center |
| 22:31 | Build | Farm |
| 22:34 | Create | Villager (Male) |
| 22:36 | Create | Villager (Male) |
| 22:40 | Build | House |
| 22:41 | Build | House |
| 22:42 | Build | House |
| 22:43 | Build | House |
| 22:45 | Build | House |
| 22:49 | Create | Villager (Male) |
| 22:49 | Create | Villager (Male) |
Match timeline
| 1:15 | Benedict Cucumberpatch · wall_segment Palisade Wall x9 |
| 1:15 | Link · wall_segment Palisade Wall x5 |
| 1:42 | TheBoogeyman · wall_segment Palisade Wall x7 |
| 1:56 | Benedict Cucumberpatch · wall_segment Palisade Wall x1 |
| 2:19 | TheBoogeyman · wall_segment Palisade Wall x3 |
| 2:21 | TheBoogeyman · wall_segment Palisade Wall x4 |
| 3:11 | InGodWeTrust · wall_segment Palisade Wall x9 |
| 3:12 | InGodWeTrust · wall_segment Palisade Wall x1 |
| 3:13 | InGodWeTrust · wall_segment Palisade Wall x1 |
| 3:15 | InGodWeTrust · wall_segment Palisade Wall x1 |
| 3:31 | Vantage_ · wall_segment Palisade Wall x1 |
| 3:32 | Vantage_ · wall_segment Palisade Wall x1 |
| 3:35 | Vantage_ · wall_segment Palisade Wall x1 |
| 3:42 | Vantage_ · wall_segment Palisade Wall x1 |
| 3:49 | Link · wall_segment Palisade Wall x5 |
| 3:52 | Link · wall_segment Palisade Wall x3 |
| 3:52 | 大葱鸭 · first_building Dock |
| 4:02 | Vantage_ · first_building Dock |
| 4:15 | Vantage_ · wall_segment Palisade Wall x9 |
| 4:18 | InGodWeTrust · wall_segment Palisade Wall x1 |
| 4:18 | InGodWeTrust · wall_segment Palisade Wall x1 |
| 4:22 | Vantage_ · wall_segment Palisade Wall x1 |
| 4:27 | Vantage_ · wall_segment Palisade Wall x1 |
| 4:32 | Old Man Cam · first_building Dock |
| 4:33 | Vantage_ · wall_segment Palisade Wall x1 |
| 4:34 | Vantage_ · wall_segment Palisade Wall x1 |
| 4:38 | Vantage_ · wall_segment Palisade Wall x1 |
| 4:39 | Vantage_ · wall_segment Palisade Wall x1 |
| 4:42 | Vantage_ · wall_segment Palisade Wall x1 |
| 4:59 | Vantage_ · wall_segment Palisade Wall x1 |
| 5:24 | TheBoogeyman · wall_segment Palisade Wall x9 |
| 5:47 | InGodWeTrust · first_building Dock |
| 6:02 | InGodWeTrust · wall_segment Palisade Wall x9 |
| 6:04 | InGodWeTrust · wall_segment Palisade Wall x1 |
| 6:05 | InGodWeTrust · wall_segment Palisade Wall x1 |
| 6:05 | InGodWeTrust · wall_segment Palisade Wall x1 |
| 7:20 | Iron Champion · wall_segment Palisade Wall x2 |
| 7:24 | Link · first_building Dock |
| 7:24 | Iron Champion · wall_segment Palisade Wall x1 |
| 7:26 | Iron Champion · wall_segment Palisade Wall x1 |
| 7:27 | Iron Champion · wall_segment Palisade Wall x1 |
| 7:35 | Iron Champion · wall_segment Palisade Wall x1 |
| 7:47 | 大葱鸭 · wall_segment Palisade Wall x1 |
| 7:48 | 大葱鸭 · wall_segment Palisade Wall x1 |
| 9:13 | Benedict Cucumberpatch · age_up feudal |
| 9:21 | Benedict Cucumberpatch · wall_segment Stone Wall x9 |
| 9:51 | Iron Champion · first_building Dock |
| 10:08 | Vantage_ · wall_segment Palisade Wall x1 |
| 10:10 | Vantage_ · wall_segment Palisade Wall x1 |
| 10:14 | Vantage_ · wall_segment Palisade Wall x1 |
| 10:51 | Vantage_ · wall_segment Palisade Wall x1 |
| 10:53 | Iron Champion · age_up feudal |
| 11:41 | Vantage_ · wall_segment Palisade Wall x1 |
| 11:42 | Vantage_ · wall_segment Palisade Wall x1 |
| 11:43 | Vantage_ · wall_segment Palisade Wall x1 |
| 12:11 | Benedict Cucumberpatch · first_market_sell 100 wood |
| 12:13 | Old Man Cam · age_up feudal |
| 12:27 | TheBoogeyman · age_up feudal |
| 12:30 | TheBoogeyman · wall_segment Palisade Wall x1 |
| 12:33 | TheBoogeyman · wall_segment Stone Wall x11 |
| 12:39 | InGodWeTrust · age_up feudal |
| 12:44 | InGodWeTrust · wall_segment Stone Wall x7 |
| 12:45 | InGodWeTrust · wall_segment Stone Wall x1 |
| 12:45 | InGodWeTrust · wall_segment Stone Wall x1 |
| 12:47 | InGodWeTrust · wall_segment Stone Wall x1 |
| 12:47 | 大葱鸭 · age_up feudal |
| 12:47 | InGodWeTrust · wall_segment Stone Wall x1 |
| 12:48 | InGodWeTrust · wall_segment Stone Wall x1 |
| 12:48 | TheBoogeyman · wall_segment Stone Wall x3 |
| 12:48 | InGodWeTrust · wall_segment Stone Wall x1 |
| 12:49 | InGodWeTrust · wall_segment Stone Wall x2 |
| 12:51 | TheBoogeyman · wall_segment Stone Wall x7 |
| 12:53 | TheBoogeyman · wall_segment Stone Wall x1 |
| 12:57 | TheBoogeyman · wall_segment Stone Wall x10 |
| 13:46 | Benedict Cucumberpatch · first_market_buy 100 stone |
| 13:48 | Link · age_up feudal |
| 14:05 | Vantage_ · age_up feudal |
| 14:06 | Vantage_ · wall_segment Stone Wall x1 |
| 14:07 | Vantage_ · wall_segment Stone Wall x10 |
| 14:36 | Link · wall_segment Stone Wall x6 |
| 14:39 | InGodWeTrust · wall_segment Stone Wall x1 |
| 14:46 | Iron Champion · age_up castle |
| 14:53 | Iron Champion · first_market_buy 100 wood |
| 15:05 | Link · wall_segment Stone Wall x7 |
| 15:09 | Link · wall_segment Stone Wall x4 |
| 15:11 | Vantage_ · first_market_sell 100 food |
| 15:18 | Benedict Cucumberpatch · age_up castle |
| 15:19 | Benedict Cucumberpatch · first_building Castle |
| 15:34 | InGodWeTrust · wall_segment Stone Wall x3 |
| 15:40 | InGodWeTrust · wall_segment Stone Wall x7 |
| 15:43 | Old Man Cam · age_up castle |
| 15:54 | InGodWeTrust · wall_segment Stone Wall x10 |
| 16:17 | 大葱鸭 · age_up castle |
| 16:50 | InGodWeTrust · age_up castle |
| 17:03 | InGodWeTrust · first_market_buy 100 stone |
| 17:05 | 大葱鸭 · first_building Monastery |
| 17:14 | InGodWeTrust · first_building Castle |
| 17:19 | Link · age_up castle |
| 17:38 | Benedict Cucumberpatch · wall_segment Palisade Wall x1 |
| 18:20 | InGodWeTrust · first_building Monastery |
| 18:25 | Vantage_ · age_up castle |
| 18:28 | Old Man Cam · first_building Monastery |
| 18:36 | TheBoogeyman · age_up castle |
| 19:19 | Vantage_ · first_market_buy 100 stone |
| 19:20 | Benedict Cucumberpatch · wall_segment Stone Wall x1 |
| 19:21 | Benedict Cucumberpatch · wall_segment Stone Wall x1 |
| 20:13 | InGodWeTrust · first_market_sell 500 stone |
| 20:29 | TheBoogeyman · first_building Monastery |
| 21:43 | Iron Champion · first_building Barracks |
| 22:04 | 大葱鸭 · first_building Siege Workshop |
| 22:04 | InGodWeTrust · wall_segment Stone Wall x2 |
| 23:27 | Vantage_ · first_building Siege Workshop |
| 23:37 | Vantage_ · first_building Barracks |
| 23:43 | InGodWeTrust · age_up imperial |
| 23:57 | Iron Champion · first_building Siege Workshop |
| 24:30 | Old Man Cam · first_building Barracks |
| 24:33 | 大葱鸭 · first_building Barracks |
| 24:40 | Iron Champion · first_building Archery Range |
| 25:06 | Benedict Cucumberpatch · age_up imperial |
| 25:07 | Link · first_building Monastery |
| 25:26 | Old Man Cam · first_building Castle |
| 25:34 | 大葱鸭 · age_up imperial |
| 26:18 | Link · first_building Castle |
| 26:24 | Benedict Cucumberpatch · wall_segment Stone Wall x6 |
| 27:24 | Vantage_ · first_building Monastery |
| 27:24 | Link · first_building Siege Workshop |
| 27:35 | Benedict Cucumberpatch · first_building Barracks |
| 27:46 | Iron Champion · first_building Castle |
| 27:53 | Old Man Cam · first_building Stable |
| 27:56 | Link · wall_segment Stone Wall x6 |
| 28:04 | Iron Champion · age_up imperial |
| 28:07 | TheBoogeyman · first_building Barracks |
| 28:11 | Link · wall_segment Stone Wall x8 |
| 28:17 | 大葱鸭 · first_building Castle |
| 28:22 | Old Man Cam · wall_segment Stone Wall x5 |
| 28:24 | Old Man Cam · wall_segment Stone Wall x6 |
| 28:33 | Benedict Cucumberpatch · first_building Archery Range |
| 28:37 | Old Man Cam · first_building Archery Range |
| 28:52 | Vantage_ · wall_segment Stone Wall x1 |
| 28:54 | Iron Champion · first_market_sell 100 stone |
| 28:55 | Vantage_ · wall_segment Stone Wall x16 |
| 29:04 | Link · wall_segment Stone Wall x6 |
| 29:05 | Vantage_ · first_building Castle |
| 29:17 | TheBoogeyman · first_building Stable |
| 29:24 | Link · first_building Barracks |
| 30:13 | 大葱鸭 · first_building Archery Range |
| 30:14 | Link · age_up imperial |
| 30:23 | Link · wall_segment Stone Wall x20 |
| 30:40 | Old Man Cam · age_up imperial |
| 30:44 | Vantage_ · wall_segment Stone Wall x15 |
| 31:00 | Vantage_ · wall_segment Stone Wall x7 |
| 31:07 | TheBoogeyman · age_up imperial |
| 31:07 | Vantage_ · wall_segment Stone Wall x12 |
| 31:20 | Vantage_ · wall_segment Stone Wall x7 |
| 31:31 | Vantage_ · age_up imperial |
| 31:46 | Link · first_market_sell 100 food |
| 31:56 | Vantage_ · wall_segment Stone Wall x1 |
| 31:59 | Vantage_ · wall_segment Stone Wall x1 |
| 32:37 | Link · first_building Archery Range |
| 33:12 | Link · first_building Stable |
| 34:09 | 大葱鸭 · tribute_sent a jugador 1 |
| 34:09 | 大葱鸭 · tribute_sent a jugador 3 |
| 34:09 | 大葱鸭 · tribute_sent a jugador 4 |
| 34:09 | 大葱鸭 · tribute_sent a jugador 5 |
| 34:09 | 大葱鸭 · tribute_sent a jugador 6 |
| 34:09 | 大葱鸭 · tribute_sent a jugador 7 |
| 34:09 | 大葱鸭 · tribute_sent a jugador 8 |
| 34:15 | Link · wall_segment Stone Wall x4 |
| 34:19 | Link · wall_segment Stone Wall x6 |
| 34:57 | TheBoogeyman · first_market_sell 500 wood |
| 35:16 | Benedict Cucumberpatch · first_building Monastery |
| 35:22 | Benedict Cucumberpatch · first_building Stable |
| 35:49 | Old Man Cam · first_market_sell 500 wood |
| 38:17 | TheBoogeyman · first_building Castle |
| 38:21 | Vantage_ · wall_segment Stone Wall x4 |
| 38:50 | TheBoogeyman · wall_segment Stone Wall x12 |
| 39:39 | 大葱鸭 · tribute_sent a jugador 1 |
| 39:39 | 大葱鸭 · tribute_sent a jugador 3 |
| 39:39 | 大葱鸭 · tribute_sent a jugador 4 |
| 39:39 | 大葱鸭 · tribute_sent a jugador 5 |
| 39:39 | 大葱鸭 · tribute_sent a jugador 6 |
| 39:39 | 大葱鸭 · tribute_sent a jugador 7 |
| 39:39 | 大葱鸭 · tribute_sent a jugador 8 |
| 39:59 | Benedict Cucumberpatch · first_building Siege Workshop |
| 40:33 | Iron Champion · tribute_sent a jugador 1 |
| 40:33 | Iron Champion · tribute_sent a jugador 2 |
| 40:33 | Iron Champion · tribute_sent a jugador 3 |
| 40:33 | Iron Champion · tribute_sent a jugador 5 |
| 40:33 | Iron Champion · tribute_sent a jugador 6 |
| 40:33 | Iron Champion · tribute_sent a jugador 7 |
| 40:33 | Iron Champion · tribute_sent a jugador 8 |
| 40:48 | Link · first_market_buy 100 stone |
| 41:15 | Vantage_ · wall_segment Stone Wall x8 |
| 41:48 | Vantage_ · wall_segment Stone Wall x15 |
| 41:50 | TheBoogeyman · tribute_sent a jugador 1 |
| 41:50 | TheBoogeyman · tribute_sent a jugador 2 |
| 41:50 | TheBoogeyman · tribute_sent a jugador 4 |
| 41:50 | TheBoogeyman · tribute_sent a jugador 5 |
| 41:50 | TheBoogeyman · tribute_sent a jugador 6 |
| 41:50 | TheBoogeyman · tribute_sent a jugador 7 |
| 41:50 | TheBoogeyman · tribute_sent a jugador 8 |
| 42:01 | Iron Champion · tribute_sent a jugador 1 |
| 42:01 | Iron Champion · tribute_sent a jugador 2 |
| 42:01 | Iron Champion · tribute_sent a jugador 3 |
| 42:01 | Iron Champion · tribute_sent a jugador 5 |
| 42:01 | Iron Champion · tribute_sent a jugador 6 |
| 42:01 | Iron Champion · tribute_sent a jugador 7 |
| 42:01 | Iron Champion · tribute_sent a jugador 8 |
| 42:09 | InGodWeTrust · first_building Barracks |
| 42:35 | Link · wall_segment Stone Wall x1 |
| 42:36 | Link · wall_segment Stone Wall x1 |
| 42:36 | Link · wall_segment Stone Wall x1 |
| 42:39 | Link · wall_segment Stone Wall x3 |
| 43:12 | Iron Champion · tribute_sent a jugador 1 |
| 43:12 | Iron Champion · tribute_sent a jugador 2 |
| 43:12 | Iron Champion · tribute_sent a jugador 3 |
| 43:12 | Iron Champion · tribute_sent a jugador 5 |
| 43:12 | Iron Champion · tribute_sent a jugador 6 |
| 43:12 | Iron Champion · tribute_sent a jugador 7 |
| 43:12 | Iron Champion · tribute_sent a jugador 8 |
| 43:43 | TheBoogeyman · tribute_sent a jugador 1 |
| 43:43 | TheBoogeyman · tribute_sent a jugador 2 |
| 43:43 | TheBoogeyman · tribute_sent a jugador 4 |
| 43:43 | TheBoogeyman · tribute_sent a jugador 5 |
| 43:43 | TheBoogeyman · tribute_sent a jugador 6 |
| 43:43 | TheBoogeyman · tribute_sent a jugador 7 |
| 43:43 | TheBoogeyman · tribute_sent a jugador 8 |
| 44:19 | 大葱鸭 · tribute_sent a jugador 1 |
| 44:19 | 大葱鸭 · tribute_sent a jugador 3 |
| 44:19 | 大葱鸭 · tribute_sent a jugador 4 |
| 44:19 | 大葱鸭 · tribute_sent a jugador 5 |
| 44:19 | 大葱鸭 · tribute_sent a jugador 6 |
| 44:19 | 大葱鸭 · tribute_sent a jugador 7 |
| 44:19 | 大葱鸭 · tribute_sent a jugador 8 |
| 44:22 | Benedict Cucumberpatch · tribute_sent a jugador 2 |
| 44:22 | Benedict Cucumberpatch · tribute_sent a jugador 3 |
| 44:22 | Benedict Cucumberpatch · tribute_sent a jugador 4 |
| 44:22 | Benedict Cucumberpatch · tribute_sent a jugador 5 |
| 44:22 | Benedict Cucumberpatch · tribute_sent a jugador 6 |
| 44:22 | Benedict Cucumberpatch · tribute_sent a jugador 7 |
| 44:22 | Benedict Cucumberpatch · tribute_sent a jugador 8 |
| 46:39 | Iron Champion · tribute_sent a jugador 1 |
| 46:39 | Iron Champion · tribute_sent a jugador 2 |
| 46:39 | Iron Champion · tribute_sent a jugador 3 |
| 46:39 | Iron Champion · tribute_sent a jugador 5 |
| 46:39 | Iron Champion · tribute_sent a jugador 6 |
| 46:39 | Iron Champion · tribute_sent a jugador 7 |
| 46:39 | Iron Champion · tribute_sent a jugador 8 |
| 47:45 | InGodWeTrust · first_building Siege Workshop |
| 48:49 | 大葱鸭 · tribute_sent a jugador 1 |
| 48:49 | 大葱鸭 · tribute_sent a jugador 3 |
| 48:49 | 大葱鸭 · tribute_sent a jugador 4 |
| 48:49 | 大葱鸭 · tribute_sent a jugador 5 |
| 48:49 | 大葱鸭 · tribute_sent a jugador 6 |
| 48:49 | 大葱鸭 · tribute_sent a jugador 7 |
| 48:49 | 大葱鸭 · tribute_sent a jugador 8 |
| 51:27 | 大葱鸭 · first_market_buy 100 stone |
| 51:44 | TheBoogeyman · first_building Siege Workshop |
| 52:50 | TheBoogeyman · tribute_sent a jugador 1 |
| 52:50 | TheBoogeyman · tribute_sent a jugador 2 |
| 52:50 | TheBoogeyman · tribute_sent a jugador 4 |
| 52:50 | TheBoogeyman · tribute_sent a jugador 5 |
| 52:50 | TheBoogeyman · tribute_sent a jugador 6 |
| 52:50 | TheBoogeyman · tribute_sent a jugador 7 |
| 52:50 | TheBoogeyman · tribute_sent a jugador 8 |
| 52:56 | Benedict Cucumberpatch · tribute_sent a jugador 2 |
| 52:56 | Benedict Cucumberpatch · tribute_sent a jugador 3 |
| 52:56 | Benedict Cucumberpatch · tribute_sent a jugador 4 |
| 52:56 | Benedict Cucumberpatch · tribute_sent a jugador 5 |
| 52:56 | Benedict Cucumberpatch · tribute_sent a jugador 6 |
| 52:56 | Benedict Cucumberpatch · tribute_sent a jugador 7 |
| 52:56 | Benedict Cucumberpatch · tribute_sent a jugador 8 |
| 53:05 | TheBoogeyman · tribute_sent a jugador 1 |
| 53:05 | TheBoogeyman · tribute_sent a jugador 2 |
| 53:05 | TheBoogeyman · tribute_sent a jugador 4 |
| 53:05 | TheBoogeyman · tribute_sent a jugador 5 |
| 53:05 | TheBoogeyman · tribute_sent a jugador 6 |
| 53:05 | TheBoogeyman · tribute_sent a jugador 7 |
| 53:05 | TheBoogeyman · tribute_sent a jugador 8 |
| 53:31 | InGodWeTrust · first_building Archery Range |
| 54:49 | Benedict Cucumberpatch · tribute_sent a jugador 2 |
| 54:49 | Benedict Cucumberpatch · tribute_sent a jugador 3 |
| 54:49 | Benedict Cucumberpatch · tribute_sent a jugador 4 |
| 54:49 | Benedict Cucumberpatch · tribute_sent a jugador 5 |
| 54:49 | Benedict Cucumberpatch · tribute_sent a jugador 6 |
| 54:49 | Benedict Cucumberpatch · tribute_sent a jugador 7 |
| 54:49 | Benedict Cucumberpatch · tribute_sent a jugador 8 |
| 55:41 | Iron Champion · first_building Stable |
| 56:34 | Iron Champion · wall_segment Stone Wall x8 |
| 57:26 | 大葱鸭 · tribute_sent a jugador 1 |
| 57:26 | 大葱鸭 · tribute_sent a jugador 3 |
| 57:26 | 大葱鸭 · tribute_sent a jugador 4 |
| 57:26 | 大葱鸭 · tribute_sent a jugador 5 |
| 57:26 | 大葱鸭 · tribute_sent a jugador 6 |
| 57:26 | 大葱鸭 · tribute_sent a jugador 7 |
| 57:26 | 大葱鸭 · tribute_sent a jugador 8 |
| 57:43 | TheBoogeyman · resign |
[ AI ANALYSIS · 1 CREDIT ]
What really happened in this match?
Wolo.gg analyzes every decision: build order, eco, micro, common mistakes by bracket. Personalized analysis on WhatsApp or Discord in 30 seconds.
Civ guide
Saracens
Perfil
Jugador #1043774